Map: Acropolis LE

Players

BackupJ

  • Race: Protoss Protoss
  • Spawn Location: 11:00

DisK - Winner!

  • Race: Protoss Protoss
  • Spawn Location: 5:00

VOD

Have the link to the VOD?

Description

Time

  • Played on: Sept. 6, 2019, 5:39 p.m.
  • Length: 3:24
Show
View Real Time Build Order
Export as new Build Order

BackupJ Protoss 

Build Orders:  

Get SALT Encoding   

  12  0:01  Probe  
  13  0:13  Probe  
  14  0:17  Pylon  
  14  0:23  Probe  
  15  0:31  Probe  
  16  0:39  Gateway  
  16  0:40  Probe  
  16  0:46  Assimilator  
  17  0:52  Probe  
  17  0:54  Assimilator  
  18  1:00  Probe  
  18  1:08  Probe  
  18  1:09  Gateway  
  20  1:18  Probe  
  21  1:27  Cybernetics Core  
  21  1:30  Probe  
  22  1:34  Pylon  
  22  1:42  Probe  
  23  1:54  Probe  
  24  2:03  Adept x2  
  24  2:07  Pylon, Probe  
  29  2:25  Probe  
  29  2:28  Pylon  
  30  2:33  Adept x2  
  35  2:44  Probe  
  35  2:51  Pylon  
  35  3:05  Shield Battery  
  34  3:13  Nexus  
Show
View Real Time Build Order
Export as new Build Order

DisK Protoss - Winner!

Build Orders: Oracle Opening 

Get SALT Encoding   

  12  0:00  Probe  
  13  0:12  Probe  
  14  0:17  Pylon  
  14  0:24  Probe  
  15  0:33  Probe  
  15  0:35  Gateway  
  15  0:41  Probe  
  16  0:46  Assimilator  
  17  0:51  Probe  
  17  0:55  Assimilator  
  18  1:00  Probe  
  19  1:08  Gateway, Probe  
  19  1:18  Probe  
  20  1:25  Cybernetics Core  
  21  1:30  Probe  
  22  1:36  Pylon  
  22  1:42  Probe  
  23  2:02  Stargate  
  23  2:04  Adept x2  
  27  2:14  Pylon  
  27  2:34  Stalker  
  27  2:35  Oracle  
  29  2:50  Pylon  
  30  3:11  Robotics Facility  
Tags
 
Matchup
PvP
Player
DisK
Spawn Locations
Cross Positions
Add a new tag
Caveats
  • Supply blocks, unpowered buildings, or Contaminate may cause inaccurate times.
  • Supply counts are checked every 10 seconds.